cohdb
Replays
Latest Replays
All Replays
Popular Replays
Top Player Replays
Match Explorer
How It Works
Community
CoH3 Stats
Reddit
Sign in to upload your games and track your stats! →
Sign in with Steam
Match 41227804
Unlisted
Match 41227804
Overview
Messages
Build Orders
End
Kradschützen Motorcycle Team
Selects Panzerjäger Kommand Battlegroup
Selects Mine Fields
Panzergrenadier Squad
Panzergrenadier Squad
Construct Light Support Kompanie
Assault Grenadier Squad
Fire Support Elements
2.5-tonne Medical Truck
MG34 Team
Selects Defensive Positions
Flakvierling Half-track
Panzerjäger Squad
Veteran Squad Leaders
Selects Tank Busters
Construct Panzerarmee Kommand
Selects Butterfly Bomb Drop
Guardians_folly
MADAO
0
0
Comments
sign in to comment!
No comments posted yet!